 Dungeon Crawl Stone Soup version 0.21.1-1-g345015fe64 (webtiles) character file.

10805 Gargoyl the Protected (level 11, -7/91 HPs)
             Began as a Centaur Abyssal Knight on May 14, 2018.
             Was an Elder of Lugonu.
             Mangled by a blink frog (10 damage)
             ... on level 2 of the Lair of Beasts.
             The game lasted 00:21:17 (16650 turns).

Gargoyl the Protected (Centaur Abyssal Knight)     Turns: 16650, Time: 00:21:18

Health: -7/91      AC: 19    Str: 15    XL:     11   Next: 41%
Magic:  17/17      EV:  6    Int: 14    God:    Lugonu [****..]
Gold:   709        SH:  4    Dex: 12    Spells: 10/10 levels left

rFire    . . .     SeeInvis .   l - +1 hand axe (elec)
rCold    . . .     Gourm    +   r - +0 buckler
rNeg     . . .     Faith    .   s - +0 chain mail
rPois    .         Spirit   .   b - +2 helmet {Int+3}
rElec    .         Reflect  .   f - +0 cloak
rCorr    .         Harm     .   (no gloves)
MR       +....                  (no barding)
Stlth    ..........             d - amulet of the gourmand
HPRegen  0.25/turn              C - +4 ring of protection
MPRegen  0.15/turn              u - ring of protection from magic

@: lethally poisoned (-7 -> -10), very quick
A: large, hooves 3, deformed body, speed 2, tough skin 3
a: Depart the Abyss, Bend Space, Banish, Corrupt, Renounce Religion


You were on level 2 of the Lair of Beasts.
You worshipped Lugonu.
Lugonu was greatly pleased with you.
You were not hungry.

You visited 2 branches of the dungeon, and saw 12 of its levels.
You visited the Abyss 1 time.

You collected 709 gold pieces.

Inventory:

Hand Weapons
 a - a +1 hand axe
 l - a +1 hand axe of electrocution (weapon)
Armour
 b - a +2 helmet of intelligence (worn)
 f - a +0 cloak (worn)
 r - a +0 buckler (worn)
 s - a +0 chain mail (worn)
Jewellery
 d - an amulet of the gourmand (around neck)
 u - a ring of protection from magic (right hand)
 C - a +4 ring of protection (left hand)
 G - a +4 ring of evasion {unknown}
Wands
 e - a wand of paralysis (32)
 o - a wand of iceblast (5)
 y - a wand of flame (38)
Scrolls
 i - 10 scrolls of identify
 k - 2 scrolls of fear
 n - 4 scrolls of enchant armour
 p - 4 scrolls of teleportation
 w - 5 scrolls of remove curse
 B - a scroll of blinking
 D - a scroll of noise {unknown}
 E - a scroll of summoning {unknown}
 F - a scroll of random uselessness {unknown}
Potions
 h - 2 potions of ambrosia
 j - a potion of brilliance
 m - 2 potions of magic
 q - a potion of heal wounds
 t - 3 potions of flight
 v - 3 potions of lignification
 x - 3 potions of cancellation
 z - 2 potions of curing
Books
 A - a book of Cantrips

   Spells                             Type                      Level
   a - Confusing Touch                Hexes                        1
   b - Animate Skeleton               Necromancy                   1
   c - Summon Small Mammal            Summoning                    1
   d - Apportation                    Translocation                1
Miscellaneous
 g - a box of beasts
Comestibles
 c - 21 rations


   Skills:
 + Level 6.6 Fighting
 + Level 8.5 Axes
 + Level 1.0 Throwing
 * Level 9.0 Armour
 + Level 3.1 Dodging
 + Level 1.6 Shields
 * Level 8.4 Invocations
 + Level 0.2 Evocations


You had 10 spell levels left.
You didn't know any spells.

Dungeon Overview and Level Annotations

Branches:
Dungeon (10/15)            Temple (0/1) D:5            Lair (2/6) D:10
    Orc (0/2) D:10
  Swamp: Lair:2-4    Shoals: Lair:2-4     Snake: Lair:2-4    Spider: Lair:2-4

Altars:
Cheibriados
Elyvilon
Fedhas
Kikubaaqudgha
Qazlal
Ru
Sif Muna
Uskayaw
Wu Jian
Xom
Zin
The Shining One

Shops:
D:5 *


Innate Abilities, Weirdness & Mutations

You have hooves in place of feet.
Armour fits poorly on your strangely shaped body.
You cover ground very quickly.
You have extremely tough skin. (AC +3)


Message History

* * * LOW HITPOINT WARNING * * *
Unknown command.
You barely miss the blink frog. You kick the blink frog!
The blink frog is moderately wounded.
You miss the blink frog. You barely miss the blink frog.
You feel sick.
The blink frog hits you but does no damage.
The blink frog blinks!
The blink frog hits you.
* * * LOW HITPOINT WARNING * * *
The blink frog hits you but does no damage.
The blink frog hits you.
* * * LOW HITPOINT WARNING * * *
Unknown command.
You miss the blink frog.
The blink frog is moderately wounded.
Your chain mail prevents you from hitting the blink frog.
You hit the blink frog.
You feel sick.
The blink frog blinks!
The blink frog hits you.
* * * LOW HITPOINT WARNING * * *
The blink frog blinks!
The blink frog hits you!
You die...

..# .# .## #.######
..#####.# ###+##.#.#.#
.)..§...###..........##
......................#
....§.................#
...F...F#....<.......##
..F)...§#............##
.......@F.............#
......F§..#..........##
.(......+.#...>......#
....?....##.#P#.#.####
......... #########
##.P##P.#. ### #####


You could see 5 blink frogs.

Vanquished Creatures
  A two-headed ogre (D:10)
  Nergalle (D:10)
  A cyclops (D:9)
  A rime drake (Lair:1)
  A spiny frog (Lair:2)
  2 komodo dragons (Lair:1)
  The ghost of Silentium the Skirmisher, an amateur DsCK of Xom (D:4)
  2 trolls
  2 hippogriffs
  A spriggan (D:7)
  5 yaks (Lair:1)
  Eustachio (D:4)
  Grum (D:8)
  2 wargs (D:10)
  2 porcupines
  An ice beast (D:7)
  4 orc warriors
  5 sky beasts
  A phantom (D:4)
  3 black bears
  6 wolves (Lair:2)
  3 crocodiles
  5 ogres
  5 centaurs
  6 bullfrogs
  A gnoll sergeant (D:9)
  3 scorpions
  2 howler monkeys
  A wight (D:10)
  3 crimson imps
  2 bullfrog skeletons
  A bullfrog zombie (D:7)
  10 hounds
  A quasit (D:9)
  3 jellies
  13 orc wizards
  9 orc priests
  An iron imp (D:8)
  8 worker ants
  A hound zombie (D:6)
  A hound skeleton (D:5)
  A howler monkey zombie (D:7)
  Robin (D:4)
  A worker ant zombie (D:5)
  9 gnolls
  13 adders
  A river rat (D:3)
  2 shadow imps
  An ooze (D:7)
  An adder skeleton (D:6)
  A worm (D:3)
  2 dart slugs
  3 leopard geckos
  40 orcs
  9 giant cockroaches
  12 goblins
  11 hobgoblins
  8 jackals
  6 quokkas
  2 ball pythons
  7 bats
  6 frilled lizards
  6 kobolds
  A leopard gecko skeleton (D:9)
  A quokka skeleton (D:5)
  7 rats
  A fungus (Lair:2)
276 creatures vanquished.

Vanquished Creatures (others)
  An ogre (D:8)
  2 wolves (D:8)
  A howler monkey (D:5)
  2 electric eels
  An orc wizard (D:5)
  A fungus (D:10)
  A plant (D:10)
9 creatures vanquished.

Grand Total: 285 creatures vanquished

Notes
Turn   | Place    | Note
-------+----------+-------------------------------------------
     0 | Abyss:1  | Gargoyl the Centaur Abyssal Knight began the quest for the Orb.
     0 | Abyss:1  | Reached XP level 1. HP: 19/19 MP: 2/2
     5 | Abyss:1  | Found a corrupted altar of Lugonu.
    84 | Abyss:3  | Noticed a hell hound
    87 | Abyss:3  | Noticed an angel
   101 | D:1      | Escaped the Abyss
   701 | D:1      | Reached XP level 2. HP: 26/26 MP: 3/3
   702 | D:1      | Reached * piety under Lugonu
  1205 | D:2      | Reached XP level 3. HP: 31/31 MP: 4/4
  1223 | D:2      | Found an ancient bone altar of Kikubaaqudgha.
  1278 | D:2      | Found a glowing golden altar of the Shining One.
  1281 | D:2      | Reached skill level 2 in Armour
  1454 | D:2      | Noticed an ogre
  1487 | D:3      | Reached skill level 1 in Dodging
  1492 | D:3      | Reached ** piety under Lugonu
  1587 | D:3      | Reached XP level 4. HP: 27/40 MP: 5/5
  1621 | D:4      | Noticed Robin
  1641 | D:4      | Killed Robin
  2057 | D:4      | Reached XP level 5. HP: 39/46 MP: 6/6
  3265 | D:3      | Reached XP level 6. HP: 38/52 MP: 8/8
  3567 | D:4      | Noticed Silentium's ghost (amateur DsCK)
  3578 | D:3      | Reached skill level 3 in Armour
  4088 | D:4      | Reached *** piety under Lugonu
  4349 | D:4      | Killed Silentium's ghost
  4349 | D:4      | Reached skill level 4 in Armour
  4349 | D:4      | Reached XP level 7. HP: 55/59 MP: 9/9
  4735 | D:4      | Found a stormy altar of Qazlal.
  4981 | D:4      | Noticed Eustachio
  5004 | D:4      | Killed Eustachio
  5004 | D:4      | Reached XP level 8. HP: 28/66 MP: 11/11
  5016 | D:4      | Reached skill level 1 in Throwing
  5336 | D:5      | Entered Level 5 of the Dungeon
  5397 | D:5      | Found a glowing silver altar of Zin.
  5397 | D:5      | Found Zin's Purification Station.
  5712 | D:5      | Reached skill level 5 in Axes
  5918 | D:5      | Reached skill level 5 in Armour
  6305 | D:5      | Reached skill level 5 in Invocations
  6643 | D:5      | Found a staircase to the Ecumenical Temple.
  7120 | D:6      | Found a sacrificial altar of Ru.
  7124 | D:6      | Found a shimmering altar of Xom.
  7125 | D:6      | Found a blossoming altar of Fedhas.
  7515 | D:6      | Reached XP level 9. HP: 61/73 MP: 13/13
  7577 | D:6      | Reached skill level 5 in Fighting
  8775 | D:7      | Reached **** piety under Lugonu
  9061 | D:7      | Reached skill level 6 in Armour
  9593 | D:7      | Found a white marble altar of Elyvilon.
 10541 | D:8      | Noticed Grum
 10578 | D:8      | HP: 2/75 [wolf[Grum] (2)]
 10876 | D:8      | Killed Grum
 10876 | D:8      | Reached XP level 10. HP: 61/83 MP: 14/14
 10980 | D:8      | Noticed a dagger
 10981 | D:8      | Noticed a dagger
 10982 | D:8      | Found a hide-covered altar of Uskayaw.
 11316 | D:8      | Found a snail-covered altar of Cheibriados.
 11524 | D:9      | Noticed a cyclops
 11533 | D:9      | Killed a cyclops
 11533 | D:9      | Reached skill level 7 in Armour
 12254 | D:9      | Found an ornate altar of the Wu Jian Council.
 12344 | D:9      | Found a deep blue altar of Sif Muna.
 12975 | D:10     | Entered Level 10 of the Dungeon
 12975 | D:10     | Noticed Nergalle
 12986 | D:10     | Killed Nergalle
 13221 | D:10     | Found an ornate altar of the Wu Jian Council.
 13497 | D:10     | Noticed a two-headed ogre
 13507 | D:10     | Killed a two-headed ogre
 13507 | D:10     | Reached skill level 8 in Armour
 13507 | D:10     | Reached skill level 1 in Shields
 13609 | D:10     | Found a staircase to the Orcish Mines.
 13631 | D:10     | Reached XP level 11. HP: 49/91 MP: 17/17
 14282 | D:10     | Found a staircase to the Lair.
 14601 | Lair:1   | Entered Level 1 of the Lair of Beasts
 16642 | Lair:2   | Reached skill level 9 in Armour
 16650 | Lair:2   | HP: 3/91 [blink frog (2)]
 16650 | Lair:2   | Mangled by a blink frog

Skill      XL: |  1  2  3  4  5  6  7  8  9 10 11 |
---------------+----------------------------------+-----
Axes           | 2 3 4 5 7 8 |  8.5
Armour         | 2 4 5 6 8 9 |  9.0
Dodging        | 1 2 3 |  3.1
Invocations    | 3 4 5 6 8 |  8.4
Fighting       | 4 6 |  6.6
Throwing       | 1 |  1.0
Shields        | 1 |  1.6
Evocations     | |  0.2

Action                   |  1- 3 |  4- 6 |  7- 9 | 10-12 || total
-------------------------+-------+-------+-------+-------++-------
Melee: Hand axe          |   120 |   188 |   496 |   339 ||  1143
       Kick              |    19 |    34 |   117 |    99 ||   269
Throw: Tomahawk          |       |     4 |     1 |     3 ||     8
Invok: Depart the Abyss  |     1 |       |       |       ||     1
       Banish            |       |       |     5 |     1 ||     6
       Bend Space        |       |       |     1 |       ||     1
Evoke: Box of beasts     |     1 |       |       |       ||     1
       Wand              |       |       |       |     4 ||     4
  Use: Scroll            |     6 |     4 |     6 |     4 ||    20
       Potion            |     1 |     7 |     9 |       ||    17
  Eat: Ration            |     1 |       |     2 |     2 ||     5
       Chunk             |       |     6 |    13 |    11 ||    30
Armor: Scale mail        |   107 |   125 |       |       ||   232
       Ring mail         |       |    36 |    76 |       ||   112
       Chain mail        |       |       |   301 |   314 ||   615
       Skin              |       |       |     4 |       ||     4
Dodge: Dodged            |    59 |    99 |   137 |    76 ||   371
Block: Buckler           |       |       |       |    63 ||    63
